 Dungeon Crawl Stone Soup version 0.19.0-20-gbc5f0c6 (webtiles) character file.

53838 dracos369 the Grappler (level 14, -5/141 HPs)
             Began as a Troll Berserker on Nov 17, 2016.
             Was a High Priest of Trog.
             Slain by an orc knight
             ... wielding a +0 great sword
              (20 damage)
             ... while paralysed by an orc sorcerer
             ... on level 2 of the Orcish Mines.
             The game lasted 01:29:27 (17675 turns).

dracos369 the Grappler (Troll Berserker)           Turns: 17675, Time: 01:29:28

Health: -5/141     AC: 14    Str: 29    XL:     14   Next: 32%
Magic:  14/14      EV:  1    Int:  3    God:    Trog [*****.]
Gold:   1017       SH:  0    Dex: 12    Spells: 0 memorised, 13 levels left

rFire  + . .     SeeInvis .       - Unarmed
rCold  + . .     Gourm    +     c - +4 storm dragon scales
rNeg   . . .     Faith    .     D - +0 shield
rPois  .         Spirit   .     K - +1 hat
rElec  +         Reflect  .     (no cloak)
rCorr  .         Harm     +     (gloves unavailable)
MR     +....                    (boots unavailable)
Stlth  ..........               x - amulet of harm
                                R - ring of protection from cold
                                m - ring of protection from fire

@: paralysed, lethally poisoned (-5 -> -5), corroded, drained
A: unfitting armour, claws 3, fast metabolism 3, gourmand, regeneration 1,
shaggy fur 1, tough skin 2
a: Berserk, Trog's Hand, Brothers in Arms, Burn Spellbooks, Renounce Religion


You were on level 2 of the Orcish Mines.
You worshipped Trog.
Trog was extremely pleased with you.
You were completely stuffed.

You visited 4 branches of the dungeon, and saw 21 of its levels.
You also visited: Sewer.

You collected 1857 gold pieces.
You spent 840 gold pieces at shops.

Inventory:

Hand Weapons
 a - a +9 blowgun
Missiles
 g - 7 poisoned javelins
 y - 8 needles of frenzy
 E - 3 large rocks
 G - 3 javelins (quivered)
 Q - 3 curare-tipped needles
 T - 4 tomahawks of dispersal {=f}
Armour
 c - +4 storm dragon scales (worn)
 D - a +0 shield (worn)
 K - a +1 hat (worn)
Jewellery
 m - a ring of protection from fire (left claw)
 x - an amulet of harm (around neck)
 C - a +3 ring of strength
 I - an uncursed ring of flight
 R - a ring of protection from cold (right claw)
Wands
 i - a wand of hasting (9/9)
 n - a wand of acid (7/15)
 q - a wand of polymorph (13/24)
 t - a wand of iceblast (10/15)
 z - a wand of lightning (3/15)
 Z - a wand of acid (8/15)
Scrolls
 e - 2 scrolls of fog
 o - 7 scrolls of teleportation
 p - 3 scrolls of fear
 B - 2 scrolls of recharging
 L - a scroll of remove curse
 Y - 2 scrolls of magic mapping
Potions
 d - 5 potions of heal wounds
 h - 6 potions of brilliance
 j - a potion of lignification
 k - 4 potions of might
 l - 4 potions of resistance
 r - 5 potions of cancellation
 v - 4 potions of curing
 w - 2 potions of ambrosia {unknown}
 O - 2 potions of haste
 W - 2 potions of agility
Books
 u - a Young Poisoner's Handbook

   Spells                             Type                      Level
   a - Sting                          Conjuration/Poison           1
   b - Mephitic Cloud                 Conjuration/Poison/Air       3
   c - Olgreb's Toxic Radiance        Poison                       4
   d - Alistair's Intoxication        Transmutation/Poison         5
   e - Venom Bolt                     Conjuration/Poison           5
   Trog disapproves of the use of such an item.
 U - a Young Poisoner's Handbook

   Spells                             Type                      Level
   a - Sting                          Conjuration/Poison           1
   b - Mephitic Cloud                 Conjuration/Poison/Air       3
   c - Olgreb's Toxic Radiance        Poison                       4
   d - Alistair's Intoxication        Transmutation/Poison         5
   e - Venom Bolt                     Conjuration/Poison           5
   Trog disapproves of the use of such an item.
 X - a book of Power

   Spells                             Type                      Level
   a - Fulminant Prism                Conjuration/Hexes            4
   b - Iskenderun's Mystic Blast      Conjuration                  4
   c - Venom Bolt                     Conjuration/Poison           5
   d - Bolt of Magma                  Conjuration/Fire/Earth       5
   e - Iron Shot                      Conjuration/Earth            6
   f - Orb of Destruction             Conjuration                  7
   g - Spellforged Servitor           Conjuration/Summoning        7
   Trog disapproves of the use of such an item.
Comestibles
 b - 11 bread rations
 f - 15 chunks of flesh
 A - 22 fruits


   Skills:
 + Level 9.7 Fighting
 - Level 10.0(9.9) Throwing
 * Level 10.6 Armour
 - Level 5.2 Dodging
 + Level 3.3 Shields
 + Level 14.0 Unarmed Combat
 - Level 2.0(1.9) Evocations


You had 13 spell levels left.
You didn't know any spells.

Dungeon Overview and Level Annotations

Branches:
Dungeon (12/15)            Temple (1/1) D:6            Lair (6/6) D:10
  Swamp (0/4) Lair:2       Spider (0/4) Lair:3        Slime (0/5) Lair:6
    Orc (2/2) D:12
    Elf: Orc:2

Altars:
Ashenzari
Cheibriados
Dithmenos
Elyvilon
Fedhas
Gozag
Hepliaklqana
Kikubaaqudgha
Makhleb
Nemelex Xobeh
Okawaru
Qazlal
Ru
Sif Muna
Trog
Uskayaw
Vehumet
Xom
Yredelemnul
Zin
The Shining One

Shops:
D:6 *   D:11 !   Orc:2 :*

Annotations:
D:10 exclusion: ice statue


Innate Abilities, Weirdness & Mutations

You are too large for most types of armour.
You have claws for hands.
Your metabolism is lightning-fast.
You like to eat raw meat.
Your natural rate of healing is unusually fast.
You are covered in fur. (AC +1)
You have very tough skin. (AC +2)


Message History

The orc high priest hits you but does no damage.
The orc knight hits you with a great sword!
The orange demon stings you from afar.
You feel sick. The orc warrior hits you with a glaive!
The ogre hits you with a giant club!!
The orange demon stings you but does no damage.
The ynoxinul hits you but does no damage.
You feel sick. The rust devil hits you. The rust devil corrodes you!
The orc high priest hits you but does no damage.
The orc knight hits you with a great sword!
* * * LOW HITPOINT WARNING * * *
The orange demon stings you but does no damage.
The ynoxinul gestures.
You feel sick. The rust devil hits you. The rust devil corrodes you!
The orc warrior hits you with a glaive!
* * * LOW HITPOINT WARNING * * *
The ogre hits you but does no damage.
The orc high priest hits you but does no damage.
The orc knight hits you with a great sword!
You die...

##...........##...
#.........P......#
####.....P.......#
#.(....P..8.......
####.....P[.....P...
#...........∩......# #
#...(.4.[P.....P..##
#.#...ooo...........#
##..5o@4o..[....PP..#
##....3Oo.#.[...P......
#......55####.P........
...#......# ###3.......
#. #......# ......... #
###....# .... ##....
#.. ...... .. .......


You could see an orc knight, an orc high priest, an orange demon, a rust devil,
a ynoxinul, an orc sorcerer, an orc warrior, an ogre, an orc priest, an orc
wizard and 3 ufetubi.

Vanquished Creatures
  Rupert (Lair:4)
  4 hydras
  Harold (D:10)
  2 death yaks (Lair:5)
  Urug (D:10)
  An unseen horror (D:11)
  A hill giant (D:11)
  Pikel (D:5)
  A deep elf mage (D:10)
  An orc knight (Orc:1)
  2 ugly things (D:12)
  2 orc sorcerers (Orc:2)
  A wolf spider (Lair:6)
  7 black mambas
  13 elephants
  2 rust devils
  2 guardian serpents (D:12)
  Psyche (D:8)
  A gargoyle (D:10)
  8 spiny frogs
  A rime drake (Lair:6)
  6 komodo dragons
  6 trolls
  A queen bee (D:9)
  2 jumping spiders (Lair:3)
  2 polar bears
  6 hornets (Lair:6)
  2 two-headed ogres (D:11)
  6 blink frogs
  4 slime creatures (D:12)
  4 hippogriffs
  A redback (Lair:3)
  28 yaks
  Grum (D:10)
  8 wyverns
  5 wraiths
  A basilisk (Lair:1)
  A hungry ghost (D:8)
  A steam dragon (Lair:6)
  4 vampire mosquitoes (D:12)
  2 wargs
  2 soldier ants (D:12)
  12 water moccasins
  Duvessa (D:7)
  8 porcupines
  An ice beast (D:8)
  2 phantoms
  Purgy (Sewer)
  3 slaves (D:5)
  An eye of draining (D:12)
  4 ogres
  2 sky beasts
  A centaur (D:11)
  15 orc warriors
  21 wolves
  11 crocodiles
  A big kobold (D:10)
  13 bullfrogs
  Dowan (D:7)
  A wyvern skeleton (D:12)
  4 scorpions
  12 killer bees
  3 electric eels (D:12)
  17 wights
  5 howler monkeys
  4 crimson imps
  3 bullfrog zombies
  6 hounds
  12 orc priests
  14 orc wizards
  Jessica (D:4)
  4 bullfrog skeletons
  14 worker ants
  A hound zombie (D:11)
  A howler monkey skeleton (D:9)
  3 gnolls (D:2)
  26 adders
  A river rat (D:10)
  2 shadow imps (D:10)
  An ooze (D:5)
  An adder zombie (D:8)
  4 worms
  3 dart slugs
  7 leopard geckos
  38 orcs
  19 bats
  7 giant cockroaches
  9 goblins
  3 hobgoblins
  12 jackals
  8 quokkas
  A ball python (D:3)
  4 frilled lizards
  17 kobolds
  15 rats
  4 plants
532 creatures vanquished.

Vanquished Creatures (collateral kills)
  Josephine (Lair:4)
  3 death yaks (Lair:5)
  2 oklob plants (Lair:6)
  2 black mambas
  A guardian serpent (Lair:6)
  3 elephants (Lair:5)
  4 spiny frogs (Lair:6)
  2 blink frogs (Lair:5)
  8 killer bees (D:9)
  A hound (D:9)
  An adder (Lair:6)
28 creatures vanquished.

Vanquished Creatures (others)
  A jelly (D:5)
  2 orcs (D:12)
  12 fungi
  8 plants
23 creatures vanquished.

Grand Total: 583 creatures vanquished

Notes
Turn   | Place    | Note
-------+----------+-------------------------------------------
     0 | D:1      | dracos369 the Troll Berserker began the quest for the Orb.
     0 | D:1      | Reached XP level 1. HP: 22/22 MP: 0/0
   116 | D:1      | Reached XP level 2. HP: 29/29 MP: 1/1
   144 | D:1      | Reached skill level 1 in Armour
   550 | D:1      | Reached XP level 3. HP: 36/36 MP: 2/2
   738 | D:2      | Reached skill level 4 in Unarmed Combat
   756 | D:2      | Reached ** piety under Trog
   826 | D:2      | Reached XP level 4. HP: 41/44 MP: 3/3
  1789 | D:3      | Reached XP level 5. HP: 50/50 MP: 4/4
  1938 | D:3      | Found a shimmering altar of Xom.
  2327 | D:4      | Found a hide-covered altar of Uskayaw.
  2328 | D:4      | Noticed a hand axe
  2328 | D:4      | Noticed a dagger
  2332 | D:4      | Reached *** piety under Trog
  2342 | D:4      | Reached skill level 5 in Unarmed Combat
  2355 | D:4      | Reached XP level 6. HP: 51/59 MP: 5/5
  2765 | D:4      | Found a sparkling altar of Nemelex Xobeh.
  2767 | D:4      | Noticed Jessica
  2770 | D:4      | Killed Jessica
  2881 | D:5      | Entered Level 5 of the Dungeon
  2974 | D:5      | Noticed a slave
  2990 | D:5      | Killed a slave
  3002 | D:5      | Noticed Pikel
  3009 | D:5      | Killed Pikel
  3009 | D:5      | Reached skill level 5 in Armour
  3009 | D:5      | Reached skill level 7 in Unarmed Combat
  3009 | D:5      | Reached XP level 7. HP: 66/66 MP: 6/6
  3647 | D:5      | Reached XP level 8. HP: 74/74 MP: 7/7
  3665 | D:5      | Found a blossoming altar of Fedhas.
  3833 | D:6      | Found a glowing drain.
  3858 | Sewer    | Entered a sewer
  3922 | Sewer    | Noticed Purgy
  3933 | Sewer    | Killed Purgy
  4086 | D:6      | Found a staircase to the Ecumenical Temple.
  4124 | D:6      | Reached **** piety under Trog
  4135 | D:6      | Found an ancient bone altar of Kikubaaqudgha.
  4164 | D:6      | Reached skill level 8 in Unarmed Combat
  4342 | Temple   | Entered the Ecumenical Temple
  4865 | D:6      | Found Rabbosh's Assorted Antiques.
  4873 | D:6      | Bought a sedimented yellow potion for 26 gold pieces
  4873 | D:6      | Bought a coral ring for 145 gold pieces
  5034 | D:7      | Noticed Duvessa
  5036 | D:7      | Noticed Dowan
  5046 | D:7      | Killed Duvessa
  5046 | D:7      | Reached skill level 9 in Unarmed Combat
  5046 | D:7      | Reached XP level 9. HP: 76/84 MP: 8/8
  5049 | D:7      | Killed Dowan
  5598 | D:8      | Reached skill level 10 in Unarmed Combat
  5631 | D:8      | Noticed Psyche
  5643 | D:8      | Killed Psyche
  5643 | D:8      | Reached skill level 5 in Fighting
  6295 | D:9      | Noticed a queen bee
  6308 | D:9      | Killed a queen bee
  6308 | D:9      | Reached XP level 10. HP: 62/96 MP: 9/9
  6335 | D:9      | Reached skill level 11 in Unarmed Combat
  7085 | D:8      | Noticed a rust devil
  7086 | D:8      | Noticed a rust devil
  7092 | D:9      | Killed a rust devil
  7176 | D:8      | Killed a rust devil
  7252 | D:10     | Entered Level 10 of the Dungeon
  7276 | D:10     | Noticed Urug
  7290 | D:10     | Killed Urug
  7382 | D:10     | Noticed Harold
  7437 | D:10     | Reached skill level 1 in Throwing
  7444 | D:10     | Killed Harold
  7621 | D:10     | Reached XP level 11. HP: 103/105 MP: 10/10
  7740 | D:10     | Reached skill level 12 in Unarmed Combat
  8159 | D:10     | Found a staircase to the Lair.
  8443 | D:10     | Noticed a deep elf mage
  8450 | D:10     | Killed a deep elf mage
  8496 | D:10     | Noticed Grum
  8514 | D:10     | Killed Grum
  8829 | D:10     | Reached ***** piety under Trog
  9114 | Lair:1   | Entered Level 1 of the Lair of Beasts
  9432 | Lair:1   | Reached skill level 5 in Dodging
  9888 | Lair:1   | Found an ancient bone altar of Kikubaaqudgha.
 10680 | Lair:2   | Found a staircase to the Swamp.
 10948 | Lair:3   | Noticed an eight-headed hydra
 10956 | Lair:3   | Killed an eight-headed hydra
 10956 | Lair:3   | Reached XP level 12. HP: 118/118 MP: 11/11
 11064 | Lair:3   | Reached skill level 5 in Throwing
 11143 | Lair:3   | Found a hole to the Spider Nest.
 11907 | Lair:4   | Noticed Rupert
 11918 | Lair:4   | Noticed Josephine
 11920 | Lair:4   | Killed Rupert
 11920 | Lair:4   | Reached skill level 13 in Unarmed Combat
 11924 | Lair:4   | Killed Josephine
 11970 | Lair:4   | Noticed a six-headed hydra
 12036 | Lair:4   | Killed a six-headed hydra
 12488 | Lair:5   | Received a gift from Trog
 12719 | Lair:5   | Noticed a death yak
 12720 | Lair:5   | Noticed a death yak
 12721 | Lair:5   | Noticed a death yak
 12724 | Lair:5   | Noticed a death yak
 12727 | Lair:5   | Noticed a death yak
 12733 | Lair:5   | Killed a death yak
 12734 | Lair:5   | Killed a death yak
 12737 | Lair:5   | Killed a death yak
 12739 | Lair:5   | Killed a death yak
 12739 | Lair:5   | Killed a death yak
 12784 | Lair:5   | Reached XP level 13. HP: 120/128 MP: 12/12
 13572 | Lair:6   | Entered Level 6 of the Lair of Beasts
 13662 | Lair:6   | Found a staircase to the Slime Pits.
 13717 | Lair:6   | Received a gift from Trog
 13870 | Lair:6   | Paralysed by a hornet for 3 turns
 13884 | Lair:6   | Reached skill level 10 in Armour
 14201 | Lair:6   | Reached skill level 1 in Evocations
 14232 | Lair:6   | Received a gift from Trog
 14334 | Lair:6   | Reached skill level 1 in Shields
 14403 | Lair:6   | Paralysed by a hornet for 2 turns
 15161 | D:11     | Received a gift from Trog
 15561 | D:11     | Reached XP level 14. HP: 124/140 MP: 14/14
 15857 | D:11     | Found Pifyib's Distillery.
 15865 | D:11     | Bought a potion of cancellation for 96 gold pieces
 15865 | D:11     | Bought a potion of heal wounds for 60 gold pieces
 15865 | D:11     | Bought a potion of haste for 120 gold pieces
 15865 | D:11     | Bought a potion of haste for 120 gold pieces
 15865 | D:11     | Bought a potion of curing for 36 gold pieces
 15865 | D:11     | Bought a potion of curing for 36 gold pieces
 15865 | D:11     | Bought a potion of agility for 48 gold pieces
 15865 | D:11     | Bought a potion of agility for 48 gold pieces
 16360 | D:12     | Found a staircase to the Orcish Mines.
 17115 | D:12     | Received a gift from Trog
 17327 | Orc:1    | Entered Level 1 of the Orcish Mines
 17423 | Orc:2    | Entered Level 2 of the Orcish Mines
 17425 | Orc:2    | Reached skill level 14 in Unarmed Combat
 17473 | Orc:1    | Reached skill level 10 in Throwing
 17492 | Orc:2    | Found Zunus's General Store.
 17549 | Orc:2    | Bought a scroll of enchant armour for 105 gold pieces
 17570 | Orc:2    | Found Zokhle Ehusa's Book Emporium.
 17597 | Orc:2    | Received a gift from Trog
 17671 | Orc:2    | Paralysed by an orc sorcerer for 6 turns
 17675 | Orc:2    | Slain by an orc knight

Skill      XL: |  1  2  3  4  5  6  7  8  9 10 11 12 13 14 |
---------------+-------------------------------------------+-----
Armour         | 1 2 3 5 6 7 8 9 10 | 10.6
Unarmed Combat | 4 5 7 9 10 11 12 13 14 | 14.0
Fighting       | 3 5 6 7 8 9 |  9.7
Dodging        | 3 5 |  5.2
Throwing       | 1 4 7 9 10 | 10.0
Evocations     | 2 |  2.0
Shields        | 2 3 |  3.3

Action                   |  1- 3 |  4- 6 |  7- 9 | 10-12 | 13-15 || total
-------------------------+-------+-------+-------+-------+-------++-------
Melee: Unarmed           |    70 |   147 |   286 |   439 |   475 ||  1417
       Punch             |       |     5 |     8 |    30 |    11 ||    54
 Fire: Blowgun           |       |       |       |     8 |    15 ||    23
Throw: Javelin           |       |       |       |    23 |    55 ||    78
       Large rock        |       |       |       |       |     8 ||     8
Invok: Berserk           |     2 |     1 |     4 |     8 |     3 ||    18
       Trog's Hand       |       |     1 |     4 |     2 |     1 ||     8
       Burn Spellbooks   |       |     1 |     2 |     1 |     1 ||     5
       Brothers in Arms  |       |       |       |     6 |     3 ||     9
Evoke: Wand              |       |       |     2 |     1 |     2 ||     5
  Use: Potion            |       |     1 |       |     3 |     3 ||     7
       Scroll            |       |     8 |    11 |    11 |    13 ||    43
 Stab: Invisible         |       |       |       |       |     1 ||     1
  Eat: Chunk             |    12 |    24 |    30 |    69 |    50 ||   185
       Meat ration       |       |       |       |     2 |       ||     2
Armor: Storm dragon scal |    60 |    96 |   139 |   283 |   278 ||   856
       Skin              |       |       |       |     5 |       ||     5
Dodge: Dodged            |    18 |    52 |    82 |   207 |   150 ||   509
Block: Shield            |       |       |       |       |   148 ||   148
